 Dungeon Crawl Stone Soup version 0.31.0-9-g3a7656b989 (webtiles) character file.

Game seed: 1297893868313511454

130 qw the Skirmisher (level 4, 0/25 HPs)
             Began as a Deep Elf Hunter on Feb 2, 2024.
             Incinerated by a bombardier beetle (6 damage)
             ... with a burning spray
             ... on level 3 of the Dungeon.
             The game lasted 00:00:06 (1731 turns).

qw the Skirmisher (Deep Elf Hunter)                 Turns: 1731, Time: 00:00:07

Health: 0/25       AC:  6    Str: 10    XL:     4   Next: 89%
Magic:  6/6        EV: 11    Int: 14    God:
Gold:   116        SH:  0    Dex: 18    Spells: 3/3 levels left

rFire   . . .        a - +1 shortbow (flame)
rCold   . . .        (shield currently unavailable)
rNeg    . . .        i - +0 ring mail
rPois   .            (no helmet)
rElec   .            g - +0 cloak
rCorr   .            (no gloves)
SInv    .            (no boots)
Will    .....        (no amulet)
Stlth   +            (no ring)
HPRegen 0.24/turn    (no ring)
MPRegen 0.10/turn

%: no passive effects
@: on fire, glowing
A: no striking features
a: no special abilities


You were on level 3 of the Dungeon.
You visited 1 branch of the dungeon, and saw 3 of its levels.

You collected 116 gold pieces.


   Skills:
 - Level 1.5 Fighting
 + Level 8.3 Ranged Weapons
 - Level 2.4 Dodging
 - Level 1.2 Stealth


You had 3 spell levels left.
You didn't know any spells.
Your spell library was empty.

Inventory:

Hand Weapons
 a - a +1 shortbow of flaming (weapon)
Armour
 g - a +0 cloak (worn)
 i - a +0 ring mail (worn)
Scrolls
 b - a scroll of silence {unknown}
Potions
 c - a potion of heal wounds {unknown}
 e - a potion of enlightenment
 f - 3 potions of curing
 h - a potion of brilliance {unknown}
 l - a potion of mutation {unknown}

Dungeon Overview and Level Annotations

Branches:
Dungeon (3/15)

Altars:


Message History

The hobgoblin is moderately wounded.
You shoot an arrow. The arrow hits the hobgoblin.
The arrow burns the hobgoblin.
The hobgoblin is severely wounded.
You shoot an arrow. The arrow hits the hobgoblin!
The arrow burns the hobgoblin.
You kill the hobgoblin!
You shoot an arrow. The arrow hits the endoplasm.
The arrow burns the endoplasm.
The endoplasm is almost dead.
The endoplasm hits you but does no damage.
You shoot an arrow. The arrow hits the endoplasm.
The arrow burns the endoplasm.
You kill the endoplasm!
The bombardier beetle sprays incendiary fluid at you.
The burning spray misses you.
You shoot an arrow.
The arrow barely misses the bombardier beetle.
You shoot an arrow. The arrow hits the bombardier beetle!
The arrow burns the bombardier beetle.
The bombardier beetle is severely wounded.
The bombardier beetle sprays incendiary fluid at you.
The burning spray hits you.
You are covered in liquid fire!
You shoot an arrow. The arrow hits the bombardier beetle.
The arrow burns the bombardier beetle.
The bombardier beetle is almost dead.
The liquid fire burns you!
You shoot an arrow. The arrow hits the bombardier beetle!
The arrow burns the bombardier beetle.
You kill the bombardier beetle!
The liquid fire burns you!
Your Ranged Weapons skill increases to level 8!
You are on fire!
The liquid fire burns you!
You are on fire!
The liquid fire burns you!
You are on fire!
The liquid fire burns you!
You are on fire!
The liquid fire burns you!
You are on fire!
The liquid fire burns you!
You die...

#.# #.#
#######.#
#.......#
#.#######
#....#
###.###.#
#...# #..@#
#..$.......
#..........
#).........
...........
.#..........
#.#..........
# #..........


There were no monsters in sight!

Vanquished Creatures
  A bombardier beetle (D:3)
  4 adders
  A dart slug (D:3)
  7 ball pythons
  12 endoplasms
  5 giant cockroaches
  2 goblins (D:1)
  5 hobgoblins
  4 quokkas
  2 bats
  6 frilled lizards
  5 kobolds
  4 rats
58 creatures vanquished.

Notes
Turn   | Place    | Note
-------+----------+-------------------------------------------
     0 | D:1      | qw the Deep Elf Hunter began the quest for the Orb.
     0 | D:1      | Reached XP level 1. HP: 12/12 MP: 3/3
     0 | D:1      | 0 ||| qw: Version: 0.3-a-155-g5e7d8dd
     0 | D:1      | 0 ||| qw: Game counter: 2297
     0 | D:1      | 0 ||| qw: Melee chars always use a shield: true
     0 | D:1      | 0 ||| qw: God list: Okawaru
     0 | D:1      | 0 ||| qw: Allow faded altars: false
     0 | D:1      | 0 ||| qw: Do Orc after clearing Dungeon:15 true
     0 | D:1      | 0 ||| qw: Do second Lair branch before Depths: true
     0 | D:1      | 0 ||| qw: Lair rune preference: random
     0 | D:1      | 0 ||| qw: Goals: Normal
     0 | D:1      | 0 ||| PLANNING D:1-11
   106 | D:1      | Reached skill level 6 in Ranged Weapons
   106 | D:1      | Reached XP level 2. HP: 16/16 MP: 4/4
   263 | D:1      | You fall into a shaft and drop 1 floor!
   272 | D:2      | 272 ||| RETREEEEATING.
   273 | D:2      | 273 ||| RETREEEEATING.
   275 | D:2      | 275 ||| RETREEEEATING.
   276 | D:2      | 276 ||| RETREEEEATING.
   281 | D:2      | Reached XP level 3. HP: 17/20 MP: 5/5
   330 | D:2      | Reached skill level 7 in Ranged Weapons
   388 | D:2      | 388 ||| READING scroll labelled HYTIUMP SEIDGH.
   392 | D:2      | 392 ||| READING scroll labelled ORA OXIRGHUT.
   393 | D:2      | 393 ||| READING scroll labelled HIWNEER OFAT.
   393 | D:2      | 393 ||| IDENTIFYING 2 sedimented brown potions
   394 | D:2      | 394 ||| READING scroll labelled DALEBA PUEKH.
   395 | D:2      | 395 ||| DROPPING scroll of butterflies.
   396 | D:2      | 396 ||| DROPPING 2 potions of attraction.
   874 | D:1      | 874 ||| UPGRADING to +0 scale mail.
   884 | D:1      | 884 ||| DROPPING +0 leather armour.
   885 | D:1      | 885 ||| UPGRADING to +0 cloak.
   890 | D:1      | 890 ||| READING 2 scrolls of identify.
   890 | D:1      | 890 ||| IDENTIFYING dark potion
   891 | D:1      | 891 ||| READING scroll of identify.
   891 | D:1      | 891 ||| IDENTIFYING fizzy dark potion
  1200 | D:2      | Reached XP level 4. HP: 8/25 MP: 6/6
  1502 | D:2      | 1502 ||| UPGRADING to +0 ring mail.
  1512 | D:2      | 1512 ||| DROPPING +0 scale mail.
  1513 | D:2      | 1513 ||| READING scroll labelled AFIUG VUTZ.
  1514 | D:2      | 1514 ||| READING scroll labelled LUSECE MIGOSKO.
  1514 | D:2      | 1514 ||| ENCHANTING +0 shortbow.
  1515 | D:2      | 1515 ||| READING scroll labelled OSACAR IPPYCAI.
  1515 | D:2      | 1515 ||| BRANDING +1 shortbow.
  1599 | D:3      | Found a faded altar of an unknown god.
  1727 | D:3      | Reached skill level 8 in Ranged Weapons
  1730 | D:3      | HP: 5/25 [burnt (3)]
  1731 | D:3      | Incinerated by a bombardier beetle

Levels and vault maps discovered:
D:1:      saegor_arrival_simple_e, layout_loops_ring,
          minmay_misc_feat_four_crosses
D:2:      layout_loops_cross, minmay_three_crescents
D:3:      layout_loops_ring, nicolae_ecumenical_lake_church, serial_bayou,
          serial_bayou_shore_b, serial_bayou_pond_d, serial_bayou_pond_b,
          serial_bayou_pond_d, uniq_robin

Skill      XL: |  1  2  3  4 |
---------------+-------------+-----
Ranged Weapons | 6 7 8 |  8.3
Fighting       | |  1.5
Dodging        | |  2.4
Stealth        | |  1.2

Action                     |  1- 3 |  4- 6 || total
---------------------------+-------+-------++-------
   Fire: Shortbow          |   115 |    32 ||   147
    Use: Scroll            |     6 |     3 ||     9
 Armour: Leather armour    |     9 |       ||     9
         Scale mail        |    10 |     5 ||    15
         Ring mail         |       |     1 ||     1
  Dodge: Dodged            |    28 |     6 ||    34

Table legend:
 A = Non-vault XP
 B = Vault XP
 C = Vault XP percentage of total XP
 D = Non-vault monster count
 E = Vault monster count
 F = Vault count percentage of total count
                 A         B        C        D         E       F
            +---------+---------+-------+---------+---------+-------
      Total |     155 |      31 |  16.7 |      52 |       6 |  10.3
            +---------+---------+-------+---------+---------+-------
        D:1 |      45 |       0 |   0.0 |      26 |       0 |   0.0
        D:2 |      42 |      31 |  42.5 |      18 |       6 |  25.0
        D:3 |      68 |       0 |   0.0 |       8 |       0 |   0.0
            +---------+---------+-------+---------+---------+-------
